 Dungeon Crawl Stone Soup version 0.28-a0-823-gb444dcf96d (webtiles) character file.

Game seed: 12391515373347320442

31 elagabalus the Shield-Bearer (level 3, 29/29 HPs)
             Began as a Human Fighter on Nov 9, 2021.
             Quit the game on level 1 of the Dungeon.
             The game lasted 00:08:40 (1016 turns).

elagabalus the Shield-Bearer (Human Fighter)        Turns: 1016, Time: 00:08:41

Health: 29/29      AC:  8    Str: 17    XL:     3   Next: 40%
Magic:  3/3        EV:  9    Int:  8    God:
Gold:   13         SH:  4    Dex: 12    Spells: 2/2 levels left

rFire   . . .      SeeInvis .   a - +0 rapier
rCold   . . .      Faith    .   c - +0 buckler
rNeg    . . .      Spirit   .   b - +0 scale mail
rPois   .          Reflect  .   (no helmet)
rElec   .          Harm     .   (no cloak)
rCorr   .          Rampage  .   (no gloves)
Will    .....                   h - +1 pair of boots
Stlth   ..........              (no amulet)
HPRegen 0.09/turn               (no ring)
MPRegen 0.08/turn               (no ring)

@: no status effects
A: no striking features
a: no special abilities


You were on level 1 of the Dungeon.
You visited 1 branch of the dungeon, and saw 1 of its levels.

You collected 13 gold pieces.

Inventory:

Hand Weapons
 a - a +0 rapier (weapon)
Armour
 b - a +0 scale mail (worn)
 c - a +0 buckler (worn)
 h - a +1 pair of boots (worn)
Magical Staves
 g - a staff of conjuration
Scrolls
 e - a scroll of silence {unknown}
 f - a scroll of identify {unknown}
Potions
 d - a potion of might
 i - a potion of curing {unknown}
 j - 3 potions of flight {unknown}


   Skills:
 - Level 3.0 Fighting
 + Level 3.0 Short Blades
 - Level 3.0 Armour
 * Level 3.5 Shields


You had 2 spell levels left.
You didn't know any spells.
Your spell library contained the following spells:

 Spells                   Type           Power      Damage    Failure   Level
 Call Canine Familiar     Summ           0%         N/A       99%         3
 Portal Projectile        Hex/Tloc       0%         N/A       99%         3
 Leda's Liquefaction      Hex/Erth       0%         N/A       100%        4


Dungeon Overview and Level Annotations

Branches:
Dungeon (1/15)

Altars:


Message History

You hit the bat.
You kill the bat!
You see here a bat corpse.
Things that are here:
a +0 club; 4 stones A frilled lizard comes into view.
The frilled lizard hisses angrily.
You hit the frilled lizard.
You kill the frilled lizard!
You see here a frilled lizard corpse.
A kobold comes into view. It is wielding a +0 dagger.
The kobold shouts!
You hit the kobold.
You kill the kobold!
Your Short Blades skill increases to level 3!
A rat comes into view.
You hit the rat.
You kill the rat!
As you open the door, it creaks loudly!
A rat is nearby!
There is an open door here.
You block the rat's attack.
You hit the rat.
You kill the rat!
There is an escape hatch in the floor here.
A rat comes into view.
You hit the rat.
You kill the rat!
You see here a rat corpse.
You see here a rat corpse.
There is an open door here.
There is an open door here.
You see here 14 poisoned darts.
There is an open door here.
There is an open door here.
You open the door.
There is an open door here.
There is an open door here.
There is an open door here.
Are you sure you want to abandon this character and quit the game? (Confirm with "yes".)

###.##.#.## #.##..###.......
#.###.## ##+##........#.##
#....## ##...######.###.#
####.# ##.....## #.###.##
##..# ##.......## #.......
##...####.........####......
#...#...'.........'.........
##.###.##.........####....##
#.## ##(##.@.....## #.>#.##
##.###.####.....## #.##.##
##.#.## ##...## #......
#..## ##'## ####.## #.##
##..###########.## #.#
##.############### #.#
##.#.............. #.#
##.'.############. #.# #
##.#.#..........#.


There were no monsters in sight!

Vanquished Creatures
  A dart slug (D:1)
  3 bats (D:1)
  4 endoplasms (D:1)
  2 giant cockroaches (D:1)
  A goblin (D:1)
  2 hobgoblins (D:1)
  2 quokkas (D:1)
  3 ball pythons (D:1)
  2 frilled lizards (D:1)
  2 kobolds (D:1)
  5 rats (D:1)
27 creatures vanquished.

Notes
Turn   | Place    | Note
-------+----------+-------------------------------------------
     0 | D:1      | elagabalus the Human Fighter began the quest for the Orb.
     0 | D:1      | Reached XP level 1. HP: 18/18 MP: 1/1
   243 | D:1      | Reached XP level 2. HP: 24/24 MP: 2/2
   357 | D:1      | Found a faded altar of an unknown god.
   430 | D:1      | Reached XP level 3. HP: 27/29 MP: 3/3
  1016 | D:1      | Quit the game

Illustrated notes

Levels and vault maps discovered:
D:1:      zelgadis_glass_arrival_large, layout_loops_corners,
          ebering_ecumenical_altar_mist, hangedman_decor_opposing

Skill      XL: |  1  2  3 |
---------------+----------+-----
Short Blades   | 3 |  3.0
Fighting       | |  3.0
Armour         | |  3.0
Shields        | |  3.5

Action                   || total
-------------------------++-------
Melee: Rapier            ||    53
Armor: Scale mail        ||    16
Dodge: Dodged            ||    18
Block: Buckler           ||     8

Table legend: (Time is in decaauts)
 A = Elapsed time spent in this place.
 B = Non-inter-level travel time spent in this place.
 C = Inter-level travel time spent in this place.
 D = Time resting spent in this place.
 E = Time spent auto-exploring this place.
 F = Levels seen in this place.
 G = Mean time per level.
                   A        B        C        D        E       F      G
               +--------+--------+--------+--------+--------+-----+--------+
         Total |   1021 |    271 |    750 |      0 |      0 |   1 | 1021.0 |
       Dungeon |   1021 |    271 |    750 |      0 |      0 |   1 | 1021.0 |
               +--------+--------+--------+--------+--------+-----+--------+

Top non-repeatable levels by time:
     D:1: 1021 daAuts
